Map: Honorgrounds LE

Players

Musumeci - Winner!

  • Race: Zerg Zerg
  • League: Diamond
  • Spawn Location: 5:00

Wouane

  • Race: Terran Terran
  • League: Diamond
  • Spawn Location: 1:00

VOD

Have the link to the VOD?

Description

Time

  • Played on: Feb. 11, 2017, 3:11 p.m.
  • Length: 18:16
Show
View Real Time Build Order
Export as new Build Order

Musumeci Zerg - Winner!

Build Orders: Hatch First 

Get SALT Encoding   

  12  0:00  Drone  
  13  0:11  Drone  
  14  0:15  Extractor  
  14  0:16  Drone  
  15  0:43  Hatchery  
  15  0:48  Extractor  
  15  0:49  Drone  
  15  1:02  Spawning Pool  
  14  1:05  Extractor  
  14  1:09  Drone  
  14  1:15  Drone, Extractor  
  16  1:20  Overlord  
  16  1:39  Drone x2  
  18  1:51  Drone  
  18  1:52  Queen  
  18  1:54  Queen  
  21  1:59  Drone  
  24  2:01  Drone  
  25  2:12  Overlord  
  25  2:30  Queen  
  27  2:43  Drone  
  27  2:44  Drone  
  28  2:45  Overlord  
  28  2:59  Overlord  
  28  3:03  Queen  
  30  3:11  Hatchery  
  29  3:21  Drone x3  
  29  3:22  Drone x4  
  29  3:27  Drone x3  
  37  3:31  Extractor  
  38  3:34  Extractor  
  38  3:37  Roach Warren  
  36  3:50  Drone x6  
  42  4:03  Overlord  
  42  4:04  Overlord  
  42  4:21  Evolution Chamber  
  42  4:22  Evolution Chamber  
  40  4:24  Roach  
  40  4:25  Roach x4  
  40  4:27  Drone x3  
  53  4:34  Overlord  
  53  4:39  Lair  
  53  4:41  Drone  
  53  4:42  Drone x2  
  56  4:52  Drone x5  
  61  4:53  Drone  
  61  4:59  Drone  
  63  5:00  Drone x2  
  63  5:01  Extractor  
  63  5:03  Extractor  
  63  5:07  Spore Crawler  
  63  5:10  Zergling x2  
  63  5:12  Zergling x2  
  64  5:16  Roach x3  
  70  5:23  Roach x2  
  74  5:38  Overlord x4  
  74  5:40  Glial Reconstitution  
  73  5:56  Queen  
  77  5:59  Evolution Chamber  
  77  6:01  Evolution Chamber  
  77  6:03  Evolution Chamber  
  74  6:05  Ravager  
  74  6:06  Ravager x2  
  74  6:10  Queen  
  75  6:26  Extractor  
  75  6:27  Extractor  
  69  6:45  Ravager  
  69  6:46  Ravager  
  56  7:10  Drone  
  56  7:11  Drone x4  
  56  7:12  Drone x4  
  65  7:22  Hatchery, Drone  
  65  7:30  Overlord x2  
  65  7:32  Hatchery  
  65  7:34  Overlord  
  64  7:50  Zerg Missile Weapons Level 1  
  64  7:54  Roach, Evolution Chamber  
  64  7:55  Roach x5  
  75  8:08  Zergling x2  
  76  8:13  Overlord x5  
  76  8:36  Ravager x9  
  82  8:42  Roach x7  
  92  9:02  Roach x8  
  107  9:03  Roach  
  99  9:10  Ravager  
  99  9:14  Drone x2  
  99  9:15  Drone x6  
  101  9:20  Extractor  
  101  9:23  Extractor  
  99  9:27  Roach x7  
  104  9:47  Roach  
  104  9:48  Roach x8  
  118  9:55  Spore Crawler  
  118  9:56  Drone x3  
  118  9:57  Spore Crawler  
  118  9:58  Spore Crawler  
  118  9:59  Overlord  
  118  10:00  Overlord x3  
  118  10:18  Drone x4  
  119  10:26  Spore Crawler x2  
  119  10:27  Roach x4, Spore Crawler  
  103  10:47  Roach  
  103  10:48  Roach x3, Ravager  
  103  10:49  Ravager x5  
  113  10:51  Drone x2  
  115  11:00  Zergling x2  
  116  11:08  Drone x3  
  116  11:09  Drone x4  
  123  11:27  Drone  
  123  11:28  Drone x5  
  129  11:44  Zergling x2  
  129  11:45  Zergling x2  
  129  11:46  Zergling x2  
  132  11:47  Overlord x4  
  132  11:52  Zerg Missile Weapons Level 2, Zerg Ground Armor Level 1  
  131  12:20  Ravager x12  
  139  12:39  Roach  
  139  12:40  Roach x9  
  139  12:42  Overlord x6  
  159  12:45  Drone x3  
  159  12:46  Extractor  
  159  12:51  Overlord x3  
  125  13:07  Ravager x3  
  128  13:15  Roach x10  
  128  13:16  Roach  
  150  13:21  Drone x2  
  150  13:22  Drone x2  
  150  13:23  Drone  
  150  13:24  Drone  
  150  13:25  Drone  
  158  13:27  Ravager x2  
  159  13:39  Ravager x3  
  162  13:42  Drone x3  
  162  13:44  Drone x3, Extractor  
  162  13:46  Drone x6  
  173  13:53  Zerg Ground Armor Level 2  
  173  13:58  Ravager  
  173  14:17  Roach x9  
  177  14:21  Hatchery, Extractor  
  189  14:25  Infestation Pit  
  177  14:52  Overlord  
  177  14:53  Overlord  
  177  15:04  Hatchery  
  176  15:08  Drone  
  176  15:13  Drone x3  
  180  15:22  Drone x3  
  180  15:28  Ravager x15  
  192  15:29  Ravager  
  192  15:35  Hive  
  199  15:40  Overlord  
  166  16:17  Drone  
  166  16:18  Drone x4  
  171  16:22  Extractor  
  171  16:23  Hatchery  
  159  16:28  Roach x18  
  159  16:29  Roach x4  
  163  16:48  Roach x14  
  163  16:53  Roach  
  166  16:54  Roach  
  152  17:11  Roach  
  152  17:12  Roach x6  
  162  17:25  Roach x5  
  141  17:50  Ravager  
  141  17:51  Ravager x6  
Show
View Real Time Build Order
Export as new Build Order

Wouane Terran 

Build Orders:  

Get SALT Encoding   

  12  0:01  SCV  
  13  0:13  SCV  
  14  0:18  Supply Depot  
  14  0:25  SCV  
  15  0:32  Refinery  
  15  0:39  SCV  
  16  0:45  Barracks  
  16  0:51  SCV  
  17  1:03  SCV  
  18  1:16  SCV  
  19  1:31  Orbital Command  
  19  1:32  Marine  
  20  1:37  Factory  
  20  1:50  Marine  
  21  1:57  SCV  
  22  2:11  Barracks Reactor  
  22  2:18  Supply Depot  
  22  2:25  SCV  
  22  2:26  Factory Reactor  
  22  2:29  Refinery  
  23  2:40  SCV, Supply Depot  
  24  2:54  SCV  
  25  3:03  Cyclone  
  28  3:09  SCV  
  29  3:13  Marine x2  
  29  3:15  Command Center  
  29  3:18  Cyclone  
  34  3:21  SCV, Supply Depot  
  35  3:30  Supply Depot  
  35  3:31  Marine x2  
  35  3:33  SCV  
  38  3:45  SCV  
  38  3:46  Cyclone  
  42  3:49  Marine x2  
  44  3:57  SCV  
  45  4:03  Supply Depot  
  45  4:07  Marine x2, Cyclone  
  45  4:09  SCV  
  51  4:22  Refinery  
  51  4:23  Cyclone  
  54  4:25  Marine x2  
  56  4:33  Starport, SCV  
  57  4:39  Orbital Command  
  57  4:43  Marine  
  57  4:44  Marine  
  59  4:52  Cyclone  
  63  5:00  SCV, Marine  
  63  5:02  Marine  
  65  5:08  SCV  
  65  5:12  SCV  
  67  5:18  Marine  
  67  5:20  SCV  
  69  5:44  Engineering Bay  
  69  5:45  Barracks  
  69  5:47  Viking, Engineering Bay  
  69  5:48  Barracks  
  71  5:58  SCV  
  72  6:13  Marine x2  
  72  6:14  Widow Mine x2  
  78  6:26  Missile Turret  
  78  6:27  Engineering Bay  
  78  6:28  Terran Infantry Weapons Level 1  
  78  6:29  Terran Infantry Armor Level 1  
  78  6:32  Starport Reactor  
  78  6:33  Barracks Tech Lab  
  78  6:35  Barracks Reactor  
  78  6:37  SCV  
  78  6:38  Marine x2  
  78  6:39  SCV  
  76  6:43  Widow Mine  
  76  6:44  Widow Mine  
  51  7:12  Marine  
  51  7:13  Marine x3  
  51  7:14  Marauder  
  51  7:15  Stimpack  
  57  7:30  Marine x2  
  57  7:35  Marauder  
  57  7:36  Marine x2, Medivac  
  57  7:37  Medivac  
  67  7:41  SCV  
  67  7:42  SCV  
  69  7:44  Armory  
  69  7:48  Refinery, Marine x2  
  71  7:54  SCV x2, Marine  
  71  7:55  Marine  
  71  7:57  Marauder  
  77  8:02  Supply Depot  
  77  8:03  Supply Depot  
  77  8:06  SCV  
  78  8:18  Command Center  
  78  8:23  Marine x3  
  78  8:24  Hellion x2  
  78  8:25  Marauder  
  87  8:31  Marine  
  84  8:41  Marine x3  
  84  8:46  Marauder  
  89  8:48  Marine  
  89  8:59  Marine x3  
  92  9:06  Marine  
  92  9:08  Marauder  
  94  9:15  Combat Shields  
  94  9:21  Marine x2  
  94  9:22  Marine  
  93  9:24  Marine  
  93  9:29  Marauder  
  87  9:39  Marine x2  
  87  9:40  Marine  
  87  9:42  Marine  
  87  9:50  Marauder  
  83  9:53  Medivac x2  
  83  9:54  Hellion  
  83  9:55  Terran Infantry Weapons Level 2  
  83  9:57  Marine x2  
  83  9:58  Marine  
  83  9:59  Orbital Command  
  92  10:00  Marine  
  92  10:04  Barracks  
  93  10:09  Terran Infantry Armor Level 2  
  93  10:12  Marauder  
  93  10:13  SCV x2  
  97  10:15  Marine x2  
  97  10:16  Marine  
  100  10:25  SCV x3  
  103  10:33  Marauder  
  101  10:37  SCV x2  
  93  10:45  Marine  
  93  10:46  Marine x3  
  85  10:50  Hellion x2  
  85  10:52  Barracks Tech Lab  
  85  10:55  Marauder  
  85  10:56  Barracks  
  91  11:03  Marine x2  
  91  11:04  Marine x2  
  95  11:12  Hellion x2  
  95  11:13  Marine  
  95  11:16  Marauder, SCV  
  103  11:19  Refinery  
  103  11:20  Refinery, Supply Depot  
  103  11:21  Marine x3, Supply Depot  
  103  11:22  Marine  
  103  11:24  Terran Vehicle Weapons Level 1  
  107  11:28  Supply Depot  
  107  11:31  Marine  
  108  11:37  Command Center  
  108  11:39  Marine  
  109  11:42  Marauder, Hellion, Marine x2, Medivac  
  109  11:43  Marine  
  109  11:44  Medivac  
  120  11:49  Marauder  
  122  11:57  Marine  
  123  12:04  Marine x2  
  123  12:05  Marauder, Marine x2  
  129  12:10  Marauder  
  129  12:15  Marine  
  130  12:26  Marauder  
  130  12:29  Marine  
  133  12:32  Liberator  
  133  12:38  Barracks Tech Lab  
  133  12:49  Marauder x2, Marine x4  
  142  13:11  Marauder x3, Marine x2  
  142  13:12  Terran Infantry Weapons Level 3  
  148  13:13  Terran Infantry Armor Level 3  
  148  14:03  Planetary Fortress  
  148  14:24  Supply Depot x2  
  148  14:27  Supply Depot  
  148  14:28  Liberator x2  
  148  14:39  SCV  
  148  14:40  Marine  
  148  14:46  Marauder x3, Marine x3  
  163  14:58  SCV, Marine  
  165  15:01  Supply Depot  
  165  15:03  Marine x3  
  168  15:07  Marauder  
  168  15:08  Marauder  
  172  15:22  Marauder, Marine x4  
  175  15:29  Marauder x2  
  179  15:40  Marine  
  180  15:47  Marine  
  180  15:48  Marine  
  180  15:49  Marauder, Marine  
  172  15:50  Marauder x2  
  162  15:57  Marine  
  158  16:05  Marine  
  158  16:06  Marine x2  
  158  16:10  Marauder  
  153  16:11  Marauder  
  153  16:12  Marauder  
  153  16:15  Marine  
  156  16:23  Marine  
  156  16:24  Marine x2  
  147  16:32  Marauder  
  139  16:33  Marauder x2, Marine  
  131  16:41  Marine  
  131  16:42  Marine x2  
  120  16:51  Marine  
  120  16:53  Marauder  
  97  16:54  Marauder x2  
  97  16:59  Marine  
  97  17:00  Marine x2  
  81  17:09  Marine  
  81  17:12  Widow Mine x2  
  81  17:13  Medivac x2  
  81  17:15  Marauder x2  
  89  17:16  Marauder, Marine  
  89  17:18  Marine x2  
  87  17:27  Marine  
  76  17:34  Marine  
  76  17:35  Marine x2  
  76  17:36  Marauder  
  75  17:37  Marauder x2  
  75  17:43  Medivac x2  
  75  17:44  Marine  
Tags
 
Matchup
TvZ
Replay Pack
replay pack
Spawn Locations
Close Positions
Add a new tag
Caveats
  • Supply blocks, unpowered buildings, or Contaminate may cause inaccurate times.
  • Supply counts are checked every 10 seconds.